 Dungeon Crawl Stone Soup version 0.31-a0-7-g51783674b7 (webtiles) character file.

Game seed: 1804780866876976423

351 voltaire321 the Gusty (level 6, -4/41 HPs)
             Began as an Octopode Air Elementalist on May 5, 2023.
             Slain by an orc wizard
             ... wielding a +0 dagger
              (5 damage)
             ... on level 5 of the Dungeon.
             The game lasted 00:09:05 (4518 turns).

voltaire321 the Gusty (Octopode Air Elementalist)   Turns: 4518, Time: 00:09:05

Health: -4/41      AC:  1    Str:  8    XL:     6   Next: 61%
Magic:  4/10       EV: 13    Int: 19    God:
Gold:   226        SH:  9    Dex: 18    Spells: 5/11 levels left

rFire   . . .        l - +1 dagger (elec)
rCold   . . .        o - +0 buckler
rNeg    . . .        (helmet restricted)
rPois   .            p - amulet of reflection
rElec   .            d - +6 ring of dexterity
rCorr   .            (no ring)
SInv    .            (no ring)
Will    .....        (no ring)
Stlth   +++          (no ring)
HPRegen 0.26/turn    (no ring)
MPRegen 0.12/turn    (no ring)
                     (no ring)

%: reflection
@: no status effects
A: almost no armour, amphibious, 8 rings, camouflage 1, gelatinous body 1,
(nimble swimmer 1), tentacles
a: no special abilities


You were on level 5 of the Dungeon.
You visited 1 branch of the dungeon, and saw 5 of its levels.

You collected 226 gold pieces.

Inventory:

Hand Weapons
 c - a +2 dagger of venom
 l - a +1 dagger of electrocution (weapon)
Armour
 o - a +0 buckler (worn)
Jewellery
 d - a +6 ring of dexterity (left tentacle)
 p - an amulet of reflection (around mantle)
 v - an amulet of magic regeneration
Wands
 s - a wand of paralysis (3)
Scrolls
 b - a scroll of noise {unknown}
 e - 2 scrolls of teleportation {unknown}
 f - 2 scrolls of magic mapping {unknown}
 i - 4 scrolls of vulnerability {unknown}
 j - a scroll of fear {unknown}
 k - 4 scrolls of identify {unknown}
 n - 3 scrolls of amnesia {unknown}
 t - a scroll of immolation {unknown}
Potions
 a - a potion of magic
 g - 2 potions of mutation {unknown}
 h - 2 potions of curing {unknown}
 m - a potion of might {unknown}
 q - a potion of ambrosia {unknown}
 r - 2 potions of haste {unknown}
 u - a potion of heal wounds {unknown}
 w - a potion of flight {unknown}


   Skills:
 + Level 2.4 Fighting
 + Level 3.2 Dodging
 - Level 2.6 Stealth
 + Level 1.0 Shields
 + Level 3.0 Spellcasting
 + Level 2.5 Conjurations
 + Level 1.3 Translocations
 * Level 4.3 Air Magic


You had 5 spell levels left.
You knew the following spells:

 Your Spells              Type           Power      Damage    Failure   Level
a - Shock                 Conj/Air       64%        1d7       6%          1
b - Static Discharge      Conj/Air       32%        2-4/arc   9%          2
c - Swiftness             Air            19%        N/A       12%         3

Your spell library contained the following spells:

 Spells                   Type           Power      Damage    Failure   Level
 Kiss of Death            Conj/Necr      28%        2d7       14%         1
 Freeze                   Ice            8%         1d3       24%         1
 Airstrike                Air            9%         2d(2-18)  38%         4
 Hailstorm                Conj/Ice       7%         3d4       41%         3
 Frozen Ramparts          Ice            4%         1d1       58%         3
 Tukima's Dance           Hex            2%         N/A       58%         3
 Passage of Golubria      Tloc           8%         N/A       80%         4
 Ice Form                 Ice/Tmut       2%         N/A       94%         4
 Yara's Violent Unravell  Hex/Tmut       1%         3d3       100%        5
 Necromutation            Tmut/Necr      1%         N/A       100%        8


Dungeon Overview and Level Annotations

Branches:
Dungeon (5/15)
 Temple: D:4-7

Altars:


Innate Abilities, Weirdness & Mutations

You cannot wear most types of armour.
You are amphibious.
You can wear up to eight rings at the same time.
Your skin changes colour to match your surroundings (Stealth+).
Your rubbery body absorbs attacks. (AC +1, EV +1)
((You are camouflaged when in or above water. (Stealth+)))
You have tentacles for arms and can constrict up to eight enemies at once.


Message History

The zap hits the orc priest.
The orc priest is heavily wounded.
The zap hits something.
Aiming: Shock (safe; 6% risk of failure)
Press: ? - help, Q - select action, (/) - cycle Shift-Dir - straight line, f/p - orc priest
Aim: an orc priest, wielding a +0 dagger and wearing a +0 leather armour (heavily wounded, 71% to hit)
The zap misses the orc priest.
The zap hits something.
The zap hits the orc.
The orc is moderately wounded.
Aiming: Shock (safe; 6% risk of failure)
Press: ? - help, Q - select action, (/) - cycle Shift-Dir - straight line, f/p - orc priest
Aim: an orc priest, wielding a +0 dagger and wearing a +0 leather armour (heavily wounded, 71% to hit)
The zap hits the orc priest.
The orc priest is almost dead.
The zap hits the orc.
You kill the orc!
The orc priest mumbles some strange prayers to Beogh against you.
Beogh smites you!
The orc priest hits you with a +0 dagger.
You hit the orc priest but do no damage.
Your grab misses the orc priest. You squeeze the orc priest.
You kill the orc priest!
Your Shields skill increases to level 1!
You miss something. Something barely misses you.
You hit something. Your squeeze misses something. Something barely misses you.
You closely miss something. You squeeze something. Something hits you.
You hit something but do no damage. Something hits you but does no damage.
You closely miss something. Your squeeze misses something.
You hear some strange, mumbled words.
A magic dart appears from out of thin air!
The magic dart hits you!
* * * LOW HITPOINT WARNING * * *
You completely miss something. You squeeze something!
You hear some strange, mumbled words.
A magic dart appears from out of thin air!
The magic dart hits you!
* * * LOW HITPOINT WARNING * * *
You barely miss something. Something hits you.
* * * LOW HITPOINT WARNING * * *
You miss something. Something hits you.
You die...

#.# ..# #)# #.# #.# #)#
#{# #@# #!# # #.#
#.#.################
#.........(........<
.......>################
......... .........#
.........#


There were no monsters in sight!

Vanquished Creatures
  A bullfrog (D:4)
  2 orc priests
  A jelly (D:4)
  An orc wizard (D:5)
  5 adders (D:2)
  An ufetubus (D:4)
  2 worms (D:2)
  2 dart slugs
  13 orcs
  9 endoplasms
  8 giant cockroaches
  3 goblins
  14 hobgoblins
  2 jackals (D:2)
  3 quokkas
  9 ball pythons
  8 bats
  5 frilled lizards
  4 kobolds
  7 rats
100 creatures vanquished.

Notes
Turn   | Place    | Note
-------+----------+-------------------------------------------
     0 | D:1      | voltaire321 the Octopode Air Elementalist began the quest
                  | for the Orb.
     0 | D:1      | Reached XP level 1. HP: 11/11 MP: 3/3
   333 | D:1      | Reached XP level 2. HP: 18/18 MP: 3/5
   400 | D:1      | Learned a level 2 spell: Static Discharge
   602 | D:1      | Reached XP level 3. HP: 22/22 MP: 6/6
   620 | D:1      | Reached skill level 1 in Fighting
  1710 | D:2      | Reached XP level 4. HP: 26/28 MP: 2/7
  2293 | D:2      | Reached XP level 5. HP: 34/34 MP: 8/8
  2538 | D:2      | Learned a level 3 spell: Swiftness
  3509 | D:4      | Reached skill level 4 in Air Magic
  3741 | D:4      | Got the Essays on Hyperborean Ectoplasm
  3847 | D:4      | Reached XP level 6. HP: 39/39 MP: 4/10
  4033 | D:4      | Reached skill level 1 in Translocations
  4481 | D:5      | Entered Level 5 of the Dungeon
  4511 | D:5      | Reached skill level 1 in Shields
  4517 | D:5      | HP: 1/41 [something (3)]
  4518 | D:5      | Slain by an orc wizard

Illustrated notes

Levels and vault maps discovered:
D:1:      psy_arrival_radial02, layout_basic, minmay_worlds_worst_comb
D:2:      minmay_chambers_of_twos, layout_loops_corners
D:3:      layout_loops_ring, serial_bayou_lake_a
D:4:      layout_layer_cave
D:5:      layout_basic, grunt_temple_overflow_open, nicolae_uskayaw_suspiria,
          minmay_misc_feat_x

Skill      XL: |  1  2  3  4  5  6 |
---------------+-------------------+-----
Fighting       | 1 2 |  2.4
Conjurations   | 2 |  2.5
Dodging        | 3 |  3.2
Air Magic      | 4 |  4.3
Translocations | 1 |  1.3
Spellcasting   | 3 |  3.0
Shields        | 1 |  1.0
Stealth        | |  2.6

Action                     |  1- 3 |  4- 6 || total
---------------------------+-------+-------++-------
  Melee: Dagger            |    39 |    75 ||   114
         Constrict         |     6 |    19 ||    25
         Tentacles         |     3 |    17 ||    20
   Cast: Shock             |    33 |    74 ||   107
   Stab: Sleeping          |    14 |     4 ||    18
 Armour: Skin              |     2 |     4 ||     6
  Dodge: Dodged            |    17 |    33 ||    50
  Block: Buckler           |       |     4 ||     4

Table legend: (Time is in decaauts)
 A = Elapsed time spent in this place.
 B = Non-inter-level travel time spent in this place.
 C = Inter-level travel time spent in this place.
 D = Time resting spent in this place.
 E = Time spent auto-exploring this place.
 F = Levels seen in this place.
 G = Mean time per level.
                   A        B        C        D        E       F      G
               +--------+--------+--------+--------+--------+-----+--------+
         Total |   4516 |   4382 |    134 |    246 |   3489 |   5 |  903.2 |
       Dungeon |   4516 |   4382 |    134 |    246 |   3489 |   5 |  903.2 |
               +--------+--------+--------+--------+--------+-----+--------+

Top non-repeatable levels by time:
     D:2: 1442 daAuts
     D:1: 1112 daAuts
     D:4: 1093 daAuts
     D:3: 831 daAuts
     D:5: 37 daAuts
